XFBL
MONTREAL EXPOS @ LOS ANGELES DODGERS
03/24/1982
 
TOP OF THE 1ST
Montreal Expos batting - Pitching for Los Angeles Dodgers : RHP David Garcia
Pitching: RHP David Garcia
Batting: RHB Juan Villa 0-0: Swinging Strike
0-1: Called Strike
0-2: Ball
1-2: Foul Ball, location: 9LSF, Error on foul ball, E9
1-2: SINGLE (Groundball, 56S, EV 68.1 MPH) (infield hit)
Batting: SHB Garry Templeton 0-0: Foul Ball, location: 2F
0-1: Ball
1-1: Ball
2-1: Ball
3-1: Foul Ball, location: 2F
3-2: Fly out, F9 (Line Drive, 9, EV 96.9 MPH)
Batting: LHB Kirk Gibson 0-0: Ball
1-0: Called Strike
1-1: Ball
2-1: Called Strike
2-2: Ground out 4-3 (Groundball, 4MD, EV 101.9 MPH)
Juan Villa to second
Batting: RHB Dale Murphy 0-0: Called Strike
0-1: Swinging Strike
0-2: Strikes out swinging
Top of the 1st over - 0 runs, 1 hit, 1 error, 1 left on base; Montreal 0 - Los Angeles 0
BOTTOM OF THE 1ST
Los Angeles Dodgers batting - Pitching for Montreal Expos : LHP Roy Scott
Pitching: LHP Roy Scott
Batting: RHB Billy Sample 0-0: Ball
1-0: Called Strike
1-1: Foul Ball, location: 2F
1-2: Ball
2-2: Ball
3-2: Foul Ball, location: 2F
3-2: Foul Ball, location: 2F
3-2: Base on Balls
Batting: RHB Carney Lansford 0-0: Ball
Wild Pitch!
Billy Sample to second
1-0: Bunted foul
1-1: Ball
2-1: Bunt missed!
2-2: Ground out 5-3 (Groundball, 56, EV 84.4 MPH)
Batting: RHB Dick Davis 0-0: Ball
Billy Sample steals 3rd base
1-0: Fly out, F8 (Flyball, 8RXD, EV 90.6 MPH)
Runner from 3rd tags up, SCORES, no throw by CF
Batting: RHB Toby Harrah 0-0: SOLO HOME RUN (Flyball, 9LD, EV 103.1 MPH), Distance : 352 ft
Batting: SHB Chris W Smith 0-0: Ball
1-0: Swinging Strike
1-1: Fly out, F3 (Popup, 3SF, EV 79.4 MPH)
Bottom of the 1st over - 2 runs, 1 hit, 0 errors, 0 left on base; Montreal 0 - Los Angeles 2
TOP OF THE 2ND
Montreal Expos batting - Pitching for Los Angeles Dodgers : RHP David Garcia
Batting: RHB Dave Winfield 0-0: Foul Ball, location: 2F
0-1: Ball
1-1: Ball
2-1: Ball
3-1: Ground out U3 (Groundball, 34, EV 77.5 MPH)
Batting: LHB Timnothy Meyer 0-0: Fly out, F3 (Popup, 3F, EV 56.9 MPH)
Batting: LHB Ernesto Quevedo 0-0: Fly out, F9 (Flyball, 9S, EV 92.5 MPH)
Top of the 2nd over - 0 runs, 0 hits, 0 errors, 0 left on base; Montreal 0 - Los Angeles 2
BOTTOM OF THE 2ND
Los Angeles Dodgers batting - Pitching for Montreal Expos : LHP Roy Scott
Batting: SHB Jose Oquendo 0-0: Swinging Strike
0-1: Ball
1-1: Foul Ball, location: 2F
1-2: Ball
2-2: Ball
3-2: Strikes out swinging
Batting: RHB Bill Schroeder 0-0: Ball
1-0: Called Strike
1-1: Swinging Strike
1-2: Strikes out looking
Batting: RHB John Almon 0-0: Ball
1-0: Ball
2-0: Called Strike
2-1: Called Strike
2-2: Strikes out looking
Bottom of the 2nd over - 0 runs, 0 hits, 0 errors, 0 left on base; Montreal 0 - Los Angeles 2
TOP OF THE 3RD
Montreal Expos batting - Pitching for Los Angeles Dodgers : RHP David Garcia
Batting: RHB Jaeden Rose 0-0: Called Strike
0-1: Foul Ball, location: 2F
0-2: Ball
1-2: Foul Ball, location: 2F
1-2: Strikes out swinging
Batting: LHB Roy Scott 0-0: Called Strike
0-1: Ball
1-1: Ball
2-1: Swinging Strike
2-2: Foul Ball, location: 2F
2-2: Foul Ball, location: 2F
2-2: Foul Ball, location: 2F
2-2: Strikes out looking
Batting: RHB Juan Villa 0-0: Fly out, F7 (Flyball, 7D, EV 96.9 MPH)
Top of the 3rd over - 0 runs, 0 hits, 0 errors, 0 left on base; Montreal 0 - Los Angeles 2
BOTTOM OF THE 3RD
Los Angeles Dodgers batting - Pitching for Montreal Expos : LHP Roy Scott
Batting: SHB David Garcia 0-0: Ball
1-0: Ground out U3 (Groundball, 13, EV 86.3 MPH)
Batting: RHB Billy Sample 0-0: Ball
1-0: Ball
2-0: Foul Ball, location: 2F
2-1: Ball
3-1: Foul Ball, location: 2F
3-2: Foul Ball, location: 2F
3-2: SINGLE (Groundball, 6MD, EV 94.4 MPH)
Batting: RHB Carney Lansford 0-0: Ball
Billy Sample steals 2nd base
1-0: Called Strike
1-1: Ball
2-1: Ball
3-1: Called Strike
3-2: Fly out, F7 (Flyball, 7D, EV 101.3 MPH)
Runner from 2nd tags up, SAFE at 3rd, no throw by LF
Batting: RHB Dick Davis 0-0: Called Strike
0-1: SINGLE (Line Drive, 9S, EV 110.6 MPH)
Billy Sample scores
Batting: RHB Toby Harrah 0-0: Called Strike
0-1: Called Strike
0-2: Ball
1-2: Fielders Choice at 2nd, 5-4 (Groundball, 5, EV 105.0 MPH)
Bottom of the 3rd over - 1 run, 2 hits, 0 errors, 1 left on base; Montreal 0 - Los Angeles 3
TOP OF THE 4TH
Montreal Expos batting - Pitching for Los Angeles Dodgers : RHP David Garcia
Batting: SHB Garry Templeton 0-0: Ball
1-0: Foul Ball, location: 2F
1-1: Ball
2-1: Ball
3-1: Foul Ball, location: 2F
3-2: Fly out, F1 (Line Drive, P, EV 63.1 MPH)
Batting: LHB Kirk Gibson 0-0: Swinging Strike
0-1: Called Strike
0-2: Fly out, F7 (Line Drive, 7, EV 91.3 MPH)
Batting: RHB Dale Murphy 0-0: SOLO HOME RUN (Flyball, 7D, EV 98.1 MPH), Distance : 417 ft
Batting: RHB Dave Winfield 0-0: Ball
1-0: Ball
2-0: Called Strike
2-1: Foul Ball, location: 2F
2-2: Foul Ball, location: 2F
2-2: Foul Ball, location: 2F
2-2: Strikes out swinging
Top of the 4th over - 1 run, 1 hit, 0 errors, 0 left on base; Montreal 1 - Los Angeles 3
BOTTOM OF THE 4TH
Los Angeles Dodgers batting - Pitching for Montreal Expos : LHP Roy Scott
Batting: SHB Chris W Smith 0-0: Ball
1-0: Ball
2-0: Called Strike
2-1: Reached on error, E5 (Groundball, 5L, EV 101.9 MPH)
Batting: SHB Jose Oquendo 0-0: Called Strike
0-1: Called Strike
0-2: Foul Ball, location: 2F
0-2: Strikes out swinging
Batting: RHB Bill Schroeder 0-0: Foul Ball, location: 2F
0-1: Foul Ball, location: 2F
0-2: Fly out, F9 (Flyball, 89S, EV 75.6 MPH)
Batting: RHB John Almon 0-0: Ball
1-0: Ball
2-0: Called Strike
2-1: Ball
3-1: Swinging Strike
3-2: Strikes out swinging
Bottom of the 4th over - 0 runs, 0 hits, 1 error, 1 left on base; Montreal 1 - Los Angeles 3
TOP OF THE 5TH
Montreal Expos batting - Pitching for Los Angeles Dodgers : RHP David Garcia
Pitching: RHP Albert Williams
Now in CF: Ronald Jackson
Batting: LHB Timnothy Meyer 0-0: Foul Ball, location: 2F
0-1: Ball
1-1: Fly out, F9 (Flyball, 9, EV 91.3 MPH)
Batting: LHB Ernesto Quevedo 0-0: Ball
1-0: Foul Ball, location: 2F
1-1: Ball
2-1: Ball
3-1: Fly out, F8 (Flyball, 8RXD, EV 81.9 MPH)
Batting: RHB Jaeden Rose 0-0: Ball
1-0: Swinging Strike
1-1: Ball
2-1: Called Strike
2-2: Strikes out swinging
Top of the 5th over - 0 runs, 0 hits, 0 errors, 0 left on base; Montreal 1 - Los Angeles 3
BOTTOM OF THE 5TH
Los Angeles Dodgers batting - Pitching for Montreal Expos : LHP Roy Scott
Pitching: RHP Adrian Devine
Batting: LHB Ronald Jackson 0-0: Ground out 5-3 (Groundball, 56, EV 99.4 MPH)
Batting: RHB Billy Sample 0-0: Ball
1-0: Fly out, F7 (Flyball, 7, EV 81.9 MPH)
Batting: RHB Carney Lansford 0-0: Swinging Strike
0-1: Ball
1-1: Called Strike
1-2: SINGLE (Groundball, 25, EV 68.8 MPH) (infield hit)
Batting: RHB Dick Davis 0-0: Called Strike
Carney Lansford steals 2nd base (no throw)
0-1: Ball
1-1: SINGLE (Line Drive, 78S, EV 98.1 MPH)
Carney Lansford to third
Runner from 3rd tries for Home, SAFE, throw by LF to home
Batting: RHB Toby Harrah 0-0: Ball
1-0: Called Strike
1-1: Fly out, F4 (Flyball, 3D, EV 92.5 MPH)
Bottom of the 5th over - 1 run, 2 hits, 0 errors, 1 left on base; Montreal 1 - Los Angeles 4
TOP OF THE 6TH
Montreal Expos batting - Pitching for Los Angeles Dodgers : RHP Albert Williams
Batting: RHB Adrian Devine 0-0: Ground out 1-3 (Groundball, 25, EV 70.0 MPH)
Batting: RHB Juan Villa 0-0: Foul Ball, location: 2F
0-1: Ball
1-1: Ground out 6-3 (Groundball, 6, EV 107.5 MPH)
Batting: SHB Garry Templeton 0-0: Ball
1-0: SINGLE (Flyball, 8LS, EV 83.1 MPH)
Batting: LHB Kirk Gibson 0-0: Ball
1-0: Foul Ball, location: 2F
1-1: Foul Ball, location: 2F
1-2: Ball
2-2: SINGLE (Line Drive, 89M, EV 105.0 MPH)
Garry Templeton to second
Runner from 2nd tries for 3rd, SAFE, no throw by RF
Batting: RHB Dale Murphy 0-0: Ball
1-0: Called Strike
1-1: Swinging Strike
1-2: SINGLE (Flyball, 8LS, EV 86.9 MPH)
Garry Templeton scores
Kirk Gibson to second
Runner from 2nd tries for 3rd, SAFE, throw by CF made to third
Batting: RHB Dave Winfield 0-0: Ball
1-0: SINGLE (Groundball, 6MD, EV 105.0 MPH)
Kirk Gibson scores
Dale Murphy to second
Runner from 2nd tries for 3rd, SAFE, no throw by CF
Batting: LHB Timnothy Meyer 0-0: Called Strike
0-1: Ball
1-1: Ball
2-1: Ball
3-1: Fly out, F7 (Flyball, 78XD, EV 100.6 MPH)
Top of the 6th over - 2 runs, 4 hits, 0 errors, 2 left on base; Montreal 3 - Los Angeles 4
BOTTOM OF THE 6TH
Los Angeles Dodgers batting - Pitching for Montreal Expos : RHP Adrian Devine
Batting: SHB Chris W Smith 0-0: Ground out 6-3 (Groundball, 56D, EV 100.0 MPH)
Batting: SHB Jose Oquendo 0-0: Foul Ball, location: 2F
0-1: Ball
1-1: Ball
2-1: Ball
3-1: Called Strike
3-2: Foul Ball, location: 2F
3-2: Foul Ball, location: 2F
3-2: Fly out, F9 (Flyball, 9LS, EV 91.9 MPH)
Batting: RHB Bill Schroeder 0-0: Called Strike
0-1: Ball
1-1: Called Strike
1-2: Ground out 5-3 (Groundball, 56S, EV 86.3 MPH)
Bottom of the 6th over - 0 runs, 0 hits, 0 errors, 0 left on base; Montreal 3 - Los Angeles 4
TOP OF THE 7TH
Montreal Expos batting - Pitching for Los Angeles Dodgers : RHP Albert Williams
Batting: LHB Ernesto Quevedo 0-0: Called Strike
0-1: Ball
1-1: Swinging Strike
1-2: Strikes out looking
Batting: RHB Jaeden Rose 0-0: Foul Ball, location: 2F
0-1: Ball
1-1: Ball
2-1: Called Strike
2-2: Ball
3-2: Strikes out swinging
Pinch Hitting: LHB Guonçalo Fernandes 0-0: Called Strike
0-1: Ground out 6-3 (Groundball, 6, EV 93.1 MPH)
Top of the 7th over - 0 runs, 0 hits, 0 errors, 0 left on base; Montreal 3 - Los Angeles 4
BOTTOM OF THE 7TH
Los Angeles Dodgers batting - Pitching for Montreal Expos : RHP Adrian Devine
Pitching: RHP Ed Whitson
Pinch Hitting: RHB Gary Gaetti 0-0: Ball
1-0: Foul Ball, location: 2F
1-1: SINGLE (Flyball, 8LS, EV 93.1 MPH)
Batting: LHB Ronald Jackson 0-0: Ball
Gary Gaetti steals 2nd base (no throw)
1-0: Ball
2-0: Called Strike
2-1: Ball
Gary Gaetti is caught stealing 3rd base 2-5
3-1: Called Strike
3-2: Base on Balls
Pinch Hitting: RHB Cleo Smith 0-0: Ball
1-0: SINGLE (Groundball, 3D, EV 100.6 MPH)
Ronald Jackson to second
Runner from 2nd tries for 3rd, SAFE, throw by RF made to third
Pinch Hitting: RHB Mike Shelton 0-0: Called Strike
0-1: Ball
1-1: SINGLE (Flyball, 5D, EV 92.5 MPH)
Ronald Jackson scores
Cleo Smith to second
Pinch Hitting: RHB Tom Watkins 0-0: Ball
1-0: Called Strike
1-1: Grounds into double play, 6-4-3 (Groundball, 6, EV 106.9 MPH)
Bottom of the 7th over - 1 run, 3 hits, 0 errors, 1 left on base; Montreal 3 - Los Angeles 5
TOP OF THE 8TH
Montreal Expos batting - Pitching for Los Angeles Dodgers : RHP Albert Williams
Pitching: RHP Steve Foucault
Now at 3B: Mike Shelton
Now in LF: Tom Watkins
Now in RF: Roberto Reyes
Pinch Hitting: LHB Duane Walker 0-0: Ball
1-0: Ball
2-0: Ball
3-0: Called Strike
3-1: Called Strike
3-2: Ground out 6-3 (Groundball, 6, EV 97.5 MPH)
Pinch Hitting: SHB Alex Ortiz 0-0: Called Strike
0-1: Ball
1-1: Ball
2-1: SINGLE (Groundball, 25, EV 67.5 MPH) (infield hit)
Pinch Hitting: RHB Luis Sanchez 0-0: Called Strike
0-1: SINGLE (Line Drive, 4D, EV 105.0 MPH)
Alex Ortiz to second
Runner from 2nd tries for 3rd, SAFE, no throw by CF
Pinch Hitting: LHB Gary Rajsich 0-0: Ball
1-0: Called Strike
1-1: Ball
2-1: Fly out, F8 (Line Drive, 8LM, EV 96.9 MPH)
Runner from 3rd tags up, SCORES, no throw by CF
Pinch Hitting: SHB George D Wright 0-0: Ball
1-0: Called Strike
1-1: Fly out, F8 (Line Drive, 8RM, EV 103.1 MPH)
Top of the 8th over - 1 run, 2 hits, 0 errors, 1 left on base; Montreal 4 - Los Angeles 5
BOTTOM OF THE 8TH
Los Angeles Dodgers batting - Pitching for Montreal Expos : RHP Ed Whitson
Now at 1B: Gary Rajsich
Now at SS: Alex Ortiz
Now in LF: George D Wright
Now in CF: Duane Walker
Now in RF: Luis Sanchez
Pinch Hitting: RHB Damaso Garcia 0-0: Ground out 6-3 (Groundball, 56, EV 98.8 MPH)
Pinch Hitting: RHB Craig Landis 0-0: Called Strike
0-1: Foul Ball, location: 2F
0-2: Ball
1-2: Ball
2-2: DOUBLE (Line Drive, 89M, EV 110.6 MPH)
Pinch Hitting: SHB Spike Owen 0-0: Ball
1-0: Foul Ball, location: 2F
1-1: Called Strike
1-2: Foul Ball, location: 2F
1-2: SINGLE (Groundball, 34S, EV 85.6 MPH) (infield hit)
Craig Landis to third
Pinch Hitting: LHB Darren Daulton 0-0: Ball
1-0: Ball
2-0: Fielders Choice at 2nd, 1-6 (Groundball, 34S, EV 68.8 MPH)
Batting: RHB Roberto Reyes 0-0: Ball
1-0: Foul Ball, location: 2F
1-1: Foul Ball, location: 2F
1-2: Ball
2-2: Ball
Darren Daulton is caught stealing 2nd base 2-4
Bottom of the 8th over - 0 runs, 2 hits, 0 errors, 1 left on base; Montreal 4 - Los Angeles 5
TOP OF THE 9TH
Montreal Expos batting - Pitching for Los Angeles Dodgers : RHP Steve Foucault
Now at C: Darren Daulton
Now at 1B: Craig Landis
Now at 2B: Damaso Garcia
Now at SS: Spike Owen
Batting: LHB Timnothy Meyer 0-0: Called Strike
0-1: Foul Ball, location: 2F
0-2: Ball
1-2: Strikes out looking
Pinch Hitting: RHB Philip Klimas 0-0: Called Strike
0-1: Ball
1-1: Swinging Strike
1-2: Ball
2-2: Strikes out looking
Pinch Hitting: LHB Orlando Sanchez 0-0: SINGLE (Groundball, 4MS, EV 66.3 MPH) (infield hit)
Pinch Hitting: LHB Doe Boyland 0-0: Ground out 4-3 (Groundball, 4, EV 108.1 MPH)
Top of the 9th over - 0 runs, 1 hit, 0 errors, 1 left on base; Montreal 4 - Los Angeles 5
Wednesday, July 15th, 2020 - OOTP Baseball 21.4 Build 63